 Dungeon Crawl Stone Soup version 0.28-a0-1356-g2ad6d04315 (webtiles) character file.

Game seed: 9929245781044345846

108 Shayle the Sneak (level 4, -16/39 HPs)
             Began as a Naga Warper on Dec 30, 2021.
             Demolished by an ogre (31 damage)
             ... on level 4 of the Dungeon.
             The game lasted 00:08:10 (3127 turns).

Shayle the Sneak (Naga Warper)                      Turns: 3127, Time: 00:08:11

Health: -16/39     AC:  3    Str: 13    XL:     4   Next: 87%
Magic:  7/7        EV:  8    Int: 15    God:
Gold:   66         SH:  0    Dex: 11    Spells: 3/7 levels left

rFire   . . .      SeeInvis +   a - +0 short sword
rCold   . . .      Faith    .   (no shield)
rNeg    . . .      Spirit   .   g - +0 ring mail
rPois   +          Reflect  .   (no helmet)
rElec   .          Harm     .   (no cloak)
rCorr   .          Rampage  .   (no gloves)
Will    .....                   (no barding)
Stlth   +++.......              (no amulet)
HPRegen 0.13/turn               (no ring)
MPRegen 0.10/turn               (no ring)

@: short of breath, very slow
A: AC +1, large, see invisible, deformed body, poison resistance, slowness 2,
spit poison 1, naga tail 1
a: Spit Poison


You were on level 4 of the Dungeon.
You visited 1 branch of the dungeon, and saw 4 of its levels.

You collected 66 gold pieces.

Inventory:

Hand Weapons
 a - a +0 short sword (weapon)
Missiles
 d - a boomerang of dispersal (quivered)
Armour
 b - a +0 leather armour
 g - a +0 ring mail (worn)
Scrolls
 c - a scroll of blinking
 h - a scroll of silence {unknown}
 i - a scroll of fear {unknown}
 j - a scroll of noise {unknown}


   Skills:
 - Level 2.0 Fighting
 - Level 2.0 Short Blades
 - Level 0.8 Throwing
 - Level 0.7 Armour
 - Level 1.5 Dodging
 + Level 6.9 Stealth
 - Level 2.0 Spellcasting
 - Level 3.0 Translocations


You had 3 spell levels left.
You knew the following spells:

 Your Spells              Type           Power      Damage    Failure   Level
a - Blink                 Tloc           20%        N/A       21%         2
b - Call Imp              Summ           1%         N/A       56%         2

Your spell library contained the following spells:

 Spells                   Type           Power      Damage    Failure   Level
 Gell's Gravitas          Tloc           10%        N/A       38%         3
 Lesser Beckoning         Tloc           10%        N/A       38%         3
 Teleport Other           Tloc           10%        N/A       38%         3
 Magic Dart               Conj           4%         1d3       43%         1
 Mephitic Cloud           Conj/Pois/Air  1%         N/A       80%         3
 Manifold Assault         Tloc           10%        N/A       98%         5


Dungeon Overview and Level Annotations

Branches:
Dungeon (3/15)

Altars:
Ashenzari


Innate Abilities, Weirdness & Mutations

Your serpentine skin is tough. (AC +1)
You have supernaturally acute eyesight. (SInv)
Armour fits poorly on your strangely shaped body.
Your system is resistant to poisons. (rPois)
You cover ground very slowly.
You can spit poison.
You have a snake-like lower body.


Message History

Unknown command.
You hit the hound.
The hound is severely wounded.
The hound bites you.
You hit the hound.
The hound is almost dead.
The hound barely misses you. The hound bites you but does no damage.
You barely miss the hound.
The hound is almost dead.
The hound bites you.
You hit the hound but do no damage.
The hound is almost dead.
The hound closely misses you. The hound bites you but does no damage.
You closely miss the hound.
The hound is almost dead.
You have got your breath back.
The hound bites you.
You hit the hound.
You kill the hound!
Aiming: Spit Poison (1% risk of failure)
Press: ? - help, Shift-Dir - straight line, f - ogre
Aim: an ogre, wielding a +0 giant spiked club The splash of poison hits the ogre.
The ogre is lightly wounded.
The ogre completely misses you.
Throw: 3 boomerangs (disperse)
Press: ? - help, Q - select action, (/) - cycle Shift-Dir - straight line, f/p - ogre
Aim: an ogre, wielding a +0 giant spiked club (lightly wounded, 72% to hit)
You throw a boomerang of dispersal.
The boomerang of dispersal completely misses the ogre.
The ogre closely misses you.
Throw: 2 boomerangs (disperse)
Press: ? - help, Q - select action, (/) - cycle Shift-Dir - straight line, f/p - ogre
Aim: an ogre, wielding a +0 giant spiked club (lightly wounded, 72% to hit)
You throw a boomerang of dispersal.
The boomerang of dispersal hits the ogre but does no damage.
The ogre is lightly wounded.
The ogre hits you with a +0 giant spiked club!!
Ouch! That really hurt!
You die...

## # #$ # #! ## .#
#.##.##...###.#...
..#....###.#..#
##..O.###.#..#
#...###.#..#.#
#O###.#..#.###
#@#.#..#.###
#.....†###
##.#..#.#
##.#..#.#
##.#..#.#
##.#..#.# #.#..#.#
#.#..#. #.#(.


You could see an ogre.

Vanquished Creatures
  A hound (D:4)
  2 adders
  2 worms
  A dart slug (D:3)
  6 ball pythons
  An endoplasm (D:3)
  2 giant cockroaches (D:1)
  2 goblins
  9 hobgoblins
  4 quokkas
  6 bats
  3 frilled lizards
  3 kobolds
  10 rats
52 creatures vanquished.

Notes
Turn   | Place    | Note
-------+----------+-------------------------------------------
     0 | D:1      | Shayle the Naga Warper began the quest for the Orb.
     0 | D:1      | Reached XP level 1. HP: 19/19 MP: 3/3
    32 | D:1      | Reached skill level 1 in Stealth
   143 | D:1      | Reached skill level 2 in Stealth
   335 | D:1      | Reached XP level 2. HP: 26/26 MP: 5/5
   391 | D:1      | Reached skill level 3 in Stealth
   397 | D:1      | Learned a level 2 spell: Blink
   400 | D:1      | Learned a level 2 spell: Call Imp
   636 | D:1      | Reached skill level 4 in Stealth
   699 | D:1      | Reached XP level 3. HP: 32/32 MP: 6/6
  1675 | D:2      | Reached skill level 5 in Stealth
  2202 | D:2      | Found a broken altar of Ashenzari.
  2531 | D:3      | Reached XP level 4. HP: 14/39 MP: 7/7
  2873 | D:3      | Reached skill level 6 in Stealth
  2895 | D:3      | Noticed an ogre
  2902 | D:3      | You fall into a shaft and drop 1 floor!
  3108 | D:4      | Noticed an ogre
  3127 | D:4      | Demolished by an ogre

Illustrated notes

Levels and vault maps discovered:
D:1:      dpeg_arrival_water_temple_mockup, layout_basic, serial_forest,
          infiniplex_forest_clump_diagonal, infiniplex_forest_zigzag_1,
          infiniplex_forest_clump_medium, infiniplex_forest_clump_diagonal,
          infiniplex_forest_lined_3_way, chequers_big_river,
          hangedman_feature_mirror
D:2:      layout_basic, basic_altar
D:3:      minmay_recursive_quarters, layout_rooms
D:4:      minmay_razor_zed, layout_cave_pools, general_overflow_altar,
          hangedman_decor_diamond_cutter, hex_large, grunt_decor_resistance

Skill      XL: |  1  2  3  4 |
---------------+-------------+-----
Stealth        | 2 4 5 6 |  6.9
Fighting       | |  2.0
Short Blades   | |  2.0
Throwing       | |  0.8
Armour         | |  0.7
Dodging        | |  1.5
Spellcasting   | |  2.0
Translocations | |  3.0

Action                   |  1- 3 |  4- 6 || total
-------------------------+-------+-------++-------
Melee: Short sword       |    79 |    29 ||   108
Throw: Boomerang         |       |     4 ||     4
 Abil: Spit Poison       |    35 |     9 ||    44
  Use: Scroll            |     1 |     2 ||     3
       Potion            |       |     1 ||     1
 Stab: Sleeping          |     2 |     1 ||     3
Armor: Leather armour    |    12 |       ||    12
       Ring mail         |     6 |    10 ||    16
Dodge: Dodged            |    42 |    16 ||    58

Table legend: (Time is in decaauts)
 A = Elapsed time spent in this place.
 B = Non-inter-level travel time spent in this place.
 C = Inter-level travel time spent in this place.
 D = Time resting spent in this place.
 E = Time spent auto-exploring this place.
 F = Levels seen in this place.
 G = Mean time per level.
                   A        B        C        D        E       F      G
               +--------+--------+--------+--------+--------+-----+--------+
         Total |   3843 |   3728 |    115 |    785 |   2286 |   4 |  960.8 |
       Dungeon |   3843 |   3728 |    115 |    785 |   2286 |   4 |  960.8 |
               +--------+--------+--------+--------+--------+-----+--------+

Top non-repeatable levels by time:
     D:1: 1819 daAuts
     D:2: 1329 daAuts
     D:3: 462 daAuts
     D:4: 232 daAuts
